 Dungeon Crawl Stone Soup version 0.19-a0-994-g3c636f0 (webtiles) character file.

5733 Liquid the Martial Artist (level 10, -1/79 HPs)
             Began as a Demonspawn Chaos Knight on July 16, 2016.
             Slain by an orc warrior
             ... wielding a +0 war axe
              (19 damage)
             ... on level 9 of the Dungeon.
             The game lasted 00:22:48 (7880 turns).

Liquid the Martial Artist (Demonspawn Chaos Knight) Turns: 7880, Time: 00:22:49

Health: -1/79      AC:  9    Str: 12 (13) XL:     10   Next: 48%
Magic:  10/10      EV: 18    Int: 14      God:    Xom [.*....]
Gold:   243        SH:  0    Dex: 15      Spells: 0 memorised, 9 levels left

rFire  . . .     SeeInvis +       - Unarmed
rCold  . . .     Gourm    .     x - +2 ring mail of Impressiveness {rPois}
rNeg   . . .     Faith    .     (no shield)
rPois  +         Spirit   .     (helmet restricted)
rElec  .         Dismiss  .     u - +1 cloak
rCorr  .         Reflect  .     n - +0 pair of gloves
SustAt .         Harm     .     (no boots)
MR     .....                    (no amulet)
Stlth  +.........               A - ring of see invisible
                                C - ring of wizardry

@: repel missiles, not resistant to hostile enchantments, very unstealthy
A: horns 1, talons 2, repulsion field 3, blink, deformed body, demonic guardian
2, deterioration 1, poison resistance, powered by pain 1, wild magic 1
a: Blink, Renounce Religion


You were on level 9 of the Dungeon.
You worshipped Xom.
You were a plaything of Xom.
You were hungry.

You visited 1 branch of the dungeon, and saw 9 of its levels.

You collected 450 gold pieces.
You spent 207 gold pieces at shops.

Inventory:

Armour
 c - a +0 buckler
 f - a +0 helmet
 n - a +0 pair of gloves (worn)
 u - a +1 cloak (worn)
 x - the +2 ring mail of Impressiveness (worn) {rPois}
   (You bought it in a shop on level 5 of the Dungeon)

   It protects you from poison.
Jewellery
 s - an uncursed ring of flight
 A - a ring of see invisible (right hand)
 C - a ring of wizardry (left hand)
Wands
 d - a wand of lightning (4/15)
 m - a wand of enslavement (13/24)
 v - a wand of digging (17/24)
 w - a wand of acid (7/15)
 B - a wand of disintegration (9/24)
 E - a wand of hasting (2/9)
 F - a wand of iceblast (8/15)
 H - a wand of teleportation (3/9)
Scrolls
 e - 3 scrolls of magic mapping
 g - 7 scrolls of remove curse
 y - a scroll of enchant weapon
 D - a scroll of enchant armour
 G - a scroll of amnesia
Potions
 h - a potion of heal wounds {unknown}
 j - a potion of might
 k - 3 potions of invisibility
 l - 2 potions of brilliance {unknown}
 o - a potion of resistance {unknown}
 q - 2 potions of magic
 t - 2 potions of flight {unknown}
 z - 2 potions of ambrosia {unknown}
 J - a potion of lignification {unknown}
Comestibles
 a - 8 slices of pizza
 b - 9 bread rations
 i - 4 beef jerkies
 p - 2 royal jellies
 r - 10 meat rations


   Skills:
 + Level 7.5 Fighting
 + Level 5.9 Armour
 + Level 6.4 Dodging
 * Level 10.2 Unarmed Combat


You had 9 spell levels left.
You didn't know any spells.

Dungeon Overview and Level Annotations

Branches:
Dungeon (9/15)             Temple (0/1) D:4
   Lair: D:8-11         Orc: D:9-12

Altars:
Ashenzari
Elyvilon
Fedhas
Gozag
Makhleb
Nemelex Xobeh
Okawaru
Pakellas
Ru
Sif Muna
Trog
Uskayaw
Vehumet
Xom
The Shining One

Shops:
D:4 (   D:5 [   D:6 :


Innate Abilities, Weirdness & Mutations

You have razor-sharp toenails.
You are surrounded by a strong repulsion field. (EV +4, RMsl)
A demonic guardian rushes to your aid.
You sometimes gain a little power by taking damage.
You have a pair of small horns on your head.
You can translocate small distances at will.
Armour fits poorly on your strangely shaped body.
Your body sometimes deteriorates upon taking damage.
Your system is resistant to poisons. (rPois)
Your spells are a little harder to cast, but a little more powerful.


Message History

Your headbutt misses the orc warrior.
The orc warrior is moderately wounded.
The orc warrior hits you with a war axe!
The orc closely misses you.
You hit the orc warrior but do no damage.
Your kick misses the orc warrior.
You headbutt the orc warrior, but do no damage.
The orc warrior is moderately wounded.
The orc warrior hits you with a war axe.
You completely miss the orc warrior.
You headbutt the orc warrior, but do no damage.
The orc warrior is moderately wounded.
The orc warrior hits you with a war axe!
* * * LOW HITPOINT WARNING * * *
You hit the orc warrior but do no damage.
Your headbutt misses the orc warrior.
The orc warrior is moderately wounded.
The orc hits you but does no damage.
The orc warrior hits you with a war axe!!
You die...

...... ...........#..#
...........##+##...........'...
...........................#...
.o.oo......................#+##
#..oo...........# ##..........
#.oo......).o).# +..........
#.....#####o### #.(........
#....#...)oo# #........._
#.o)()....o@# #..........
#....#####..# #......####
##..(..# #..# #......# #.....#
...##+###......#
#.....#....#.......#+#.#
+.....#....#.......# ....
#.....#....#.......#..#....
##.....######.......#.. ....
......................#.. ....


You could see an orc warrior and 4 orcs.

Vanquished Creatures
  Pikel (D:8)
  The ghost of poirepourri the Thaumaturge, a novice DECj (D:6)
  Maurice (D:8)
  A queen bee (D:8)
  Grinder (D:4)
  A yak (D:8)
  A human (D:8)
  Grum (D:8)
  A slave (D:8)
  An orc warrior (D:6)
  2 sky beasts (D:7)
  A necrophage (D:9)
  A phantom (D:5)
  A wolf (D:8)
  3 centaurs
  An ogre (D:7)
  6 giant frogs
  5 scorpions
  13 killer bees
  A howler monkey (D:7)
  4 wights
  A giant frog zombie (D:8)
  A crimson imp (D:6)
  9 orc wizards
  5 hounds
  A quasit (D:5)
  A giant frog skeleton (D:3)
  3 orc priests
  A jelly (D:6)
  A centaur skeleton (D:4)
  2 iguanas
  3 worker ants
  A statue (D:7)
  2 sheep (D:8)
  A killer bee zombie (D:7)
  A hound skeleton (D:8)
  A worker ant zombie (D:7)
  9 adders
  2 oozes
  3 adder skeletons
  A worm (D:2)
  4 dart slugs
  6 giant geckos
  39 orcs
  4 bats
  8 giant cockroaches
  12 goblins
  6 hobgoblins
  6 jackals
  5 kobolds
  2 quokkas
  3 ball pythons
  4 giant newts
  A jackal skeleton (D:8)
  13 rats
210 creatures vanquished.

Vanquished Creatures (collateral kills)
  A yak (D:8)
  An orc warrior (D:7)
  A necrophage (D:7)
  2 wolves (D:8)
  A giant frog (D:8)
  4 killer bees (D:8)
  6 wights
  A worker ant (D:8)
  2 orc wizards (D:7)
  A sheep (D:8)
  8 orcs
28 creatures vanquished.

Vanquished Creatures (others)
  A jackal (D:6)
  A quokka (D:4)
  9 plants (D:8)
11 creatures vanquished.

Grand Total: 249 creatures vanquished

Notes
Turn   | Place    | Note
-------+----------+-------------------------------------------
     0 | D:1      | Liquid the Demonspawn Chaos Knight began the quest for the Orb.
     0 | D:1      | Reached XP level 1. HP: 18/18 MP: 1/1
    41 | D:1      | Reached skill level 3 in Unarmed Combat
    96 | D:1      | Gained mutation: You are surrounded by a mild repulsion field. (EV +2) [demonic ancestry]
    96 | D:1      | Reached XP level 2. HP: 11/24 MP: 2/2
   189 | D:1      | XOM: silly message
   442 | D:1      | XOM: harmless Chrm miscast
   763 | D:2      | Gained mutation: You are surrounded by a moderate repulsion field. (EV +3) [demonic ancestry]
   763 | D:2      | Reached XP level 3. HP: 21/29 MP: 3/3
   877 | D:2      | Reached skill level 4 in Unarmed Combat
  1052 | D:3      | XOM: cast spell 'Summon Small Mammal'
  1301 | D:2      | XOM: harmless Summ miscast
  1354 | D:2      | XOM: silly message
  1448 | D:2      | XOM: divination: detect items
  1454 | D:2      | XOM: harmless Divn miscast
  1480 | D:3      | Reached XP level 4. HP: 28/35 MP: 4/4
  1631 | D:3      | Reached skill level 1 in Dodging
  1645 | D:3      | XOM: scenery: create altars
  1714 | D:3      | XOM: god gift: scroll labeled ARYXEI OVECKATT {god gift}
  1801 | D:3      | XOM: harmless Fire miscast
  1835 | D:3      | Reached skill level 5 in Unarmed Combat
  1835 | D:3      | Reached XP level 5. HP: 21/41 MP: 5/5
  1863 | D:3      | Found a sacrificial altar of Ru.
  2151 | D:3      | XOM: cloud trail
  2235 | D:3      | XOM: give mutation
  2235 | D:3      | Gained mutation: Your system is resistant to poisons. (rPois) [Xom's mischief]
  2315 | D:3      | XOM: god gift: scroll labeled TUKHEI AMAST {god gift}
  2540 | D:4      | XOM: noise
  2592 | D:4      | XOM: summons 5 hostile shadow creatures
  2752 | D:3      | XOM: give mutation
  2752 | D:3      | Gained mutation: Your flesh is heat resistant. (rF+) [Xom's grace]
  2837 | D:4      | Found a deep blue altar of Sif Muna.
  2919 | D:4      | Found a white marble altar of Elyvilon.
  3040 | D:4      | Found a shimmering altar of Xom.
  3057 | D:4      | Gained mutation: You sometimes gain a little power by taking damage. [demonic ancestry]
  3057 | D:4      | Reached XP level 6. HP: 46/47 MP: 6/6
  3060 | D:4      | Found a burning altar of Makhleb.
  3076 | D:4      | Noticed Grinder
  3084 | D:4      | XOM: cast spell 'Leda's Liquefaction'
  3085 | D:4      | XOM: cleaving
  3087 | D:4      | XOM: cleaving
  3096 | D:4      | Killed Grinder
  3096 | D:4      | Reached skill level 6 in Unarmed Combat
  3181 | D:4      | Found Sushaol's Antique Weapon Shoppe.
  3205 | D:4      | Gained mutation: You have sharp toenails. [demonic ancestry]
  3205 | D:4      | Reached XP level 7. HP: 48/54 MP: 7/7
  3361 | D:4      | Found a staircase to the Ecumenical Temple.
  3544 | D:5      | Entered Level 5 of the Dungeon
  3579 | D:5      | XOM: harmless Tmut miscast
  3613 | D:5      | Found a hide-covered altar of Uskayaw.
  3789 | D:5      | XOM is BORED!
  3789 | D:5      | XOM: swap monsters
  3794 | D:5      | XOM: smoke on damage
  3797 | D:5      | XOM: summons 6 friendly demons
  3810 | D:4      | XOM: enchant monster (good)
  3836 | D:4      | XOM: summons 3 hostile demons
  3855 | D:4      | XOM: smoke on damage
  3860 | D:5      | XOM: destruction
  3861 | D:5      | XOM: cleaving
  3882 | D:5      | Found Soxyfel's Antique Armour Boutique.
  3898 | D:5      | Bought a dazzling ring mail for 207 gold pieces
  3909 | D:5      | Identified the +2 ring mail of Impressiveness {rPois} (You bought it in a shop on level 5 of the Dungeon)
  3930 | D:5      | Found an opulent altar of Gozag.
  4200 | D:6      | Reached skill level 7 in Unarmed Combat
  4290 | D:6      | Noticed poirepourri's ghost (novice DECj)
  4319 | D:6      | Gained mutation: A weak demonic guardian rushes to your aid. [demonic ancestry]
  4319 | D:6      | Reached XP level 8. HP: 30/61 MP: 8/8
  4321 | D:6      | XOM: divination: magic mapping
  4324 | D:6      | Killed poirepourri's ghost
  4324 | D:6      | Reached skill level 5 in Fighting
  4346 | D:6      | XOM: noise
  4398 | D:6      | XOM: god gift: emerald ring {god gift}
  4421 | D:6      | Found Seoden's Book Emporium.
  4445 | D:6      | XOM: enchant monster (good)
  4660 | D:6      | XOM: scenery: create altars
  5000 | D:7      | Gained mutation: You are frail. (-10% HP) [mutagenic meat]
  5003 | D:7      | Lost mutation: Your flesh is heat resistant. (rF+) [mutagenic meat]
  5006 | D:7      | Gained mutation: Your spells are a little harder to cast, but a little more powerful. [mutagenic meat]
  5009 | D:7      | Gained mutation: You are clumsy. (Dex -2) [mutagenic meat]
  5015 | D:7      | Gained mutation: You are resistant to hostile enchantments. (MR+) [mutagenic meat]
  5041 | D:7      | XOM: give mutations
  5041 | D:7      | Lost mutation: You are resistant to hostile enchantments. (MR+) [Xom's mischief]
  5041 | D:7      | Lost mutation: You are frail. (-10% HP) [Xom's mischief]
  5041 | D:7      | Gained mutation: You are very clumsy. (Dex -4) [Xom's mischief]
  5041 | D:7      | Gained mutation: You can translocate small distances at will. [Xom's mischief]
  5130 | D:7      | Found a sacrificial altar of Ru.
  5133 | D:7      | Found a blossoming altar of Fedhas.
  5133 | D:7      | Found a glowing golden altar of the Shining One.
  5133 | D:7      | Found a sparkling altar of Nemelex Xobeh.
  5135 | D:7      | Found an oddly glowing altar of Pakellas.
  5135 | D:7      | XOM: divination: detect creatures
  5136 | D:7      | Found a shattered altar of Ashenzari.
  5138 | D:7      | Reached skill level 8 in Unarmed Combat
  5231 | D:7      | Found a bloodstained altar of Trog.
  5295 | D:7      | Found a radiant altar of Vehumet.
  5467 | D:7      | Gained mutation: A demonic guardian rushes to your aid. [demonic ancestry]
  5467 | D:7      | Reached XP level 9. HP: 63/69 MP: 9/9
  5782 | D:7      | XOM: give mutations
  5782 | D:7      | Gained mutation: Armour fits poorly on your strangely shaped body. [Xom's mischief]
  5782 | D:7      | Lost mutation: Your spells are a little harder to cast, but a little more powerful. [Xom's mischief]
  5782 | D:7      | Gained mutation: Your body sometimes deteriorates upon taking damage. [Xom's mischief]
  5782 | D:7      | Lost mutation: You are very clumsy. (Dex -4) [Xom's mischief]
  6148 | D:7      | XOM: blink monster(s)
  6162 | D:7      | Reached skill level 5 in Dodging
  6293 | D:8      | XOM: medium Summ miscast
  6294 | D:8      | Noticed a soul eater
  6299 | D:8      | Noticed Maurice
  6305 | D:8      | Killed Maurice
  6438 | D:8      | Reached skill level 9 in Unarmed Combat
  6453 | D:8      | Noticed a queen bee
  6456 | D:8      | XOM: noise
  6471 | D:8      | Killed a queen bee
  6497 | D:8      | XOM: polymorph killer bee -> iguana
  6502 | D:8      | Reached skill level 5 in Armour
  6503 | D:8      | XOM: harmless Chrm miscast
  6515 | D:8      | HP: 3/71 [poisoned by a killer bee]
  6661 | D:8      | XOM: medium Summ miscast
  6996 | D:8      | Noticed Grum
  7015 | D:8      | Killed Grum
  7015 | D:8      | Gained mutation: You are surrounded by a strong repulsion field. (EV +4, RMsl) [demonic ancestry]
  7015 | D:8      | Reached XP level 10. HP: 40/79 MP: 10/10
  7042 | D:8      | XOM: give mutations
  7042 | D:8      | Gained mutation: You have a pair of small horns on your head. [Xom's grace]
  7042 | D:8      | Lost mutation: You are clumsy. (Dex -2) [Xom's grace]
  7042 | D:8      | Gained mutation: Your spells are a little harder to cast, but a little more powerful. [Xom's grace]
  7042 | D:8      | Gained mutation: You have razor-sharp toenails. [Xom's grace]
  7057 | D:8      | Found an iron altar of Okawaru.
  7060 | D:8      | XOM: destruction
  7090 | D:8      | Noticed Pikel
  7106 | D:8      | XOM: polymorph smoke demon -> ynoxinul
  7110 | D:8      | Killed Pikel
  7261 | D:8      | XOM: mild Summ miscast
  7377 | D:8      | Reached skill level 10 in Unarmed Combat
  7641 | D:9      | XOM: scenery: create altars
  7880 | D:9      | Slain by an orc warrior

Vault maps used:
D:1:      minmay_arrival_jagged
D:3:      nicolae_ru_great_annihilating_truth
D:4:      bloody_makhleb, overflow_temple_1_default, kennysheep_little_box,
          elyvilon_altar_4, serial_shops, shop, minivault_25, uniq_grinder
D:5:      grunt_gozag_breadcrumbs, lemuel_crystal_altar, serial_shops,
          nicolae_shop_waterfront, first_bread
D:6:      serial_shops, nicolae_shop_stone
D:7:      kennysheep_mini, vehumet_statue, grunt_temple_overflow_open,
          minmay_door_square, roderic_lattice_a
D:8:      okawaru_ov_weapons_minmay, grunt_livestock,
          nicolae_looking_at_the_future, uniq_pikel, uniq_grum, uniq_maurice
D:9:      lair_0_dummy, hiddenorc1_lemuel

Skill      XL: |  1  2  3  4  5  6  7  8  9 10 |
---------------+-------------------------------+-----
Unarmed Combat | 3 4 5 6 7 8 9 10 | 10.2
Dodging        | 1 2 3 4 5 6 |  6.4
Fighting       | 4 5 7 |  7.5
Armour         | 2 3 5 |  5.9

Action                   |  1- 3 |  4- 6 |  7- 9 | 10-12 || total
-------------------------+-------+-------+-------+-------++-------
Melee: Unarmed           |   154 |   265 |   504 |   162 ||  1085
       Punch             |     3 |     9 |    16 |    10 ||    38
       Kick              |       |       |   115 |    42 ||   157
       Headbutt          |       |       |       |    27 ||    27
Evoke: Wand              |       |       |     1 |       ||     1
  Use: Scroll            |       |    17 |     2 |       ||    19
       Potion            |       |     1 |     3 |       ||     4
 Stab: Sleeping          |     1 |       |       |       ||     1
       Distracted        |       |     1 |     1 |       ||     2
  Eat: Chunk             |     2 |     7 |    17 |     4 ||    30
Armor: Leather armour    |    44 |    60 |    41 |       ||   145
       Ring mail         |       |       |   105 |    56 ||   161
Dodge: Dodged            |    94 |   162 |   444 |   210 ||   910
       Deflected         |       |       |       |     1 ||     1
